 Dungeon Crawl Stone Soup version 0.22.0-49-gab54619 (webtiles) character file.

94 Folque the Sneak (level 4, -4/29 HPs)
             Began as an Octopode Wizard on Sept 8, 2018.
             Slain by a scorpion (9 damage)
             ... on level 3 of the Dungeon.
             The game lasted 00:06:06 (1701 turns).

Folque the Sneak (Octopode Wizard)                  Turns: 1701, Time: 00:06:06

Health: -4/29      AC:  1    Str:  6    XL:     4   Next: 63%
Magic:  1/8        EV: 13    Int: 21    God:
Gold:   123        SH:  0    Dex: 10    Spells: 1/9 levels left

rFire    . . .     SeeInvis .   i - +2 dagger (flame)
rCold    . . .     Gourm    .   (no shield)
rNeg     . . .     Faith    .   a - +0 hat
rPois    .         Spirit   .   (no amulet)
rElec    .         Reflect  .   (no ring)
rCorr    .         Harm     .   (no ring)
MR       .....                  (no ring)
Stlth    +++.......             (no ring)
HPRegen  0.09/turn              (no ring)
MPRegen  0.11/turn              (no ring)
                                (no ring)
                                (no ring)

@: no status effects
A: almost no armour, stealthy swim, amphibious, 8 rings, constrict 8, camouflage
1, gelatinous body 1
a: no special abilities


You were on level 3 of the Dungeon.
You were hungry.

You visited 1 branch of the dungeon, and saw 3 of its levels.

You collected 123 gold pieces.

Inventory:

Hand Weapons
 b - a +0 short sword
 f - a +0 spear
 i - a +2 dagger of flaming (weapon)
Missiles
 p - 12 poisoned needles
Armour
 a - a +0 hat (worn)
Scrolls
 j - 4 scrolls of identify {unknown}
 k - a scroll of amnesia {unknown}
 l - a scroll of blinking {unknown}
 m - a scroll of teleportation {unknown}
 n - a scroll of random uselessness {unknown}
Potions
 d - 2 potions of resistance {unknown}
 g - 2 potions of flight {unknown}
 h - 2 potions of brilliance {unknown}
 o - 2 potions of haste {unknown}
 q - a potion of ambrosia {unknown}
 r - a potion of curing {unknown}
Comestibles
 c - 2 rations


   Skills:
 - Level 2.0 Fighting
 - Level 2.0 Dodging
 * Level 3.1 Stealth
 * Level 3.0 Spellcasting
 + Level 2.4 Conjurations
 - Level 1.0 Summonings
 - Level 1.0 Translocations
 - Level 1.1 Air Magic
 - Level 2.0 Poison Magic


You had one spell level left.
You knew the following spells:

 Your Spells              Type           Power        Failure   Level  Hunger
a - Magic Dart            Conj           ##..         4%          1    None
b - Call Imp              Summ           #.......     13%         2    ##.....
c - Blink                 Tloc           N/A          13%         2    ##.....
d - Mephitic Cloud        Conj/Pois/Air  ##......     19%         3    ###....

Your spell library contained the following spells:

 Spells                   Type           Power        Failure   Level  Hunger
 Slow                     Hex            #.......     21%         2    ##.....
 Conjure Flame            Conj/Fire      #.......     24%         3    ###....


Dungeon Overview and Level Annotations

Branches:
Dungeon (3/15)

Altars:
Makhleb
Qazlal


Innate Abilities, Weirdness & Mutations

You cannot wear most types of armour.
You are very stealthy in the water. (Stealth+)
You are amphibious.
You can wear up to eight rings at the same time.
You can use your tentacles to constrict eight enemies at once.
Your skin changes colour to match your surroundings (Stealth+).
Your rubbery body absorbs attacks. (AC +1, EV +1)


Message History

Casting: Blink (safe; 13% risk of failure)
Confirm with . or Enter, or press ? or * to list all spells.
A beastly little devil appears in a puff of frigid air.
Your crimson imp blinks!
You hit the scorpion but do no damage. Your grab misses the scorpion.
The scorpion is heavily wounded.
The scorpion barely misses you.
Casting: Call Imp (safe; 13% risk of failure)
Confirm with . or Enter, or press ? or * to list all spells.
You blink.
An orc comes into view. It is wielding a dagger.
The scorpion stings you!
* * * LOW HITPOINT WARNING * * *
Your white imp hits the scorpion but does no damage.
A scorpion is nearby!
As you read the scroll labeled DINESM KORCHYAR, it crumbles to dust.
It is a scroll of enchant weapon.
Your +1 dagger of flaming glows red for a moment.
The scorpion stings you!
You die...

.... #######.###
..........#
........#ยง#### #..>.5.#
#5#.##.#
#.#.##.#########
..#.#####5#.##..........
.......@s.#.###########.
..#..####.#.# #. # #.#.#
#. ....# ## .... ....o.
.....## ##...##


You could see a scorpion and a friendly white imp.

Vanquished Creatures
  An adder (D:2)
  2 oozes (D:2)
  A worm (D:2)
  2 dart slugs (D:1)
  5 leopard geckos
  A ball python (D:2)
  4 giant cockroaches
  4 goblins
  5 hobgoblins
  5 kobolds
  6 bats
  4 frilled lizards
  6 rats
46 creatures vanquished.

Vanquished Creatures (collateral kills)
  An adder (D:2)
  4 worms
  A kobold (D:2)
6 creatures vanquished.

Grand Total: 52 creatures vanquished

Notes
Turn   | Place    | Note
-------+----------+-------------------------------------------
     0 | D:1      | Folque the Octopode Wizard began the quest for the Orb.
     0 | D:1      | Reached XP level 1. HP: 11/11 MP: 4/4
    43 | D:1      | Reached skill level 1 in Fighting
    45 | D:1      | Reached XP level 2. HP: 7/18 MP: 4/6
   317 | D:1      | Reached XP level 3. HP: 24/24 MP: 7/7
   340 | D:1      | Learned a level 2 spell: Call Imp
   343 | D:1      | Learned a level 2 spell: Blink
   348 | D:1      | Learned a level 3 spell: Mephitic Cloud
   688 | D:2      | Reached skill level 1 in Poison Magic
   875 | D:2      | Reached XP level 4. HP: 27/29 MP: 3/8
   967 | D:2      | Found a burning altar of Makhleb.
  1169 | D:2      | Found a stormy altar of Qazlal.
  1224 | D:2      | Reached skill level 1 in Air Magic
  1701 | D:3      | Slain by a scorpion

Skill      XL: |  1  2  3  4 |
---------------+-------------+-----
Fighting       | 1 2 |  2.0
Stealth        | 3 |  3.1
Conjurations   | 2 |  2.4
Poison Magic   | 1 2 |  2.0
Air Magic      | 1 |  1.1
Dodging        | |  2.0
Spellcasting   | |  3.0
Summonings     | |  1.0
Translocations | |  1.0

Action                   |  1- 3 |  4- 6 || total
-------------------------+-------+-------++-------
Melee: Unarmed           |     6 |       ||     6
       Constrict         |    15 |     7 ||    22
       Short sword       |     5 |       ||     5
       Tentacles         |     8 |     1 ||     9
       Spear             |    36 |       ||    36
       Dagger            |    25 |    31 ||    56
 Cast: Magic Dart        |    16 |     4 ||    20
       Call Imp          |     2 |     3 ||     5
       Blink             |       |     2 ||     2
  Use: Scroll            |       |     1 ||     1
 Stab: Sleeping          |     7 |     5 ||    12
  Eat: Chunk             |       |     2 ||     2
Armor: Skin              |     9 |     2 ||    11
Dodge: Dodged            |    51 |    12 ||    63
